 Dungeon Crawl Stone Soup version 0.31-a0-232-gb1c03b2570 (webtiles) character file.

Game seed: 16169910263777712159

11574 Pooter the Cleaver (level 11, -12/148 HPs)
             Began as a Minotaur Berserker on July 7, 2023.
             Was an Elder of Trog.
             Mangled by a tengu warrior
             ... wielding a +1 great sword
              (17 damage)
             ... on level 9 of the Dungeon.
             The game lasted 00:50:34 (12536 turns).

Pooter the Cleaver (Minotaur Berserker)            Turns: 12536, Time: 00:50:35

Health: -12/148    AC:  9    Str: 29    XL:     11   Next: 51%
Magic:  0/10       EV: 11    Int:  4    God:    Trog [****..]
Gold:   490        SH:  0    Dex: 14    Spells: 10/10 levels left

rFire   . . .        a - +8 battleaxe "Dragonslayer" {flame, rElec Str-2 Dex+3}
rCold   + . .        (shield currently unavailable)
rNeg    + + +        z - +2 scale mail {rC+}
rPois   +            (helmet restricted)
rElec   +            K - +0 cloak
rCorr   +            (no gloves)
SInv    .            (no boots)
Will    .....        G - amulet of guardian spirit Stlth
                     e - ring "Tyete" {+Blink rPois rN+++ rCorr Stlth-}
HPRegen 0.44/turn    w - +6 ring of strength
MPRegen 0.12/turn

%: guardian spirit
@: berserking (expiring), very quick
A: horns 2, retaliatory headbutt
a: Renounce Religion, Evoke Blink, Berserk, Trog's Hand, Brothers in Arms


You were on level 9 of the Dungeon.
You worshipped Trog.
Trog was greatly pleased with you.
You visited 1 branch of the dungeon, and saw 10 of its levels.
You also visited: Sewer.

You collected 548 gold pieces.
You spent 58 gold pieces at shops.

Inventory:

Hand Weapons
 a - the +8 battleaxe "Dragonslayer" (weapon) {flame, rElec Str-2 Dex+3}
   (You acquired it on level 9 of the Dungeon)

   Str:       It affects your strength (-2).
   Dex:       It affects your dexterity (+3).
   rElec:     It insulates you from electricity.
 b - a +1 arbalest of draining
   (You bought it in a shop on level 9 of the Dungeon)
 v - a +5 war axe of freezing
   (You took it off a wight on level 6 of the Dungeon)
 J - a +2 sling of freezing
   (You found it on level 2 of the Dungeon)
Missiles
 m - 2 curare-tipped darts
 p - 3 boomerangs (quivered)
 s - 3 javelins
 x - 18 poisoned darts
 A - a throwing net {!f}
 O - 3 atropa-tipped darts
 Q - 56 stones
Armour
 z - a +2 scale mail of cold resistance (worn)
   (You found it on level 6 of the Dungeon)
 C - a +0 plate armour
   (You took it off an orc warrior on level 6 of the Dungeon)
 K - a +0 cloak (worn)
   (You found it on level 7 of the Dungeon)
Jewellery
 e - the ring "Tyete" (left hand) {+Blink rPois rN+++ rCorr Stlth-}
   (You acquired it on level 3 of the Dungeon)

   [ring of resist corrosion]

   rPois:     It protects you from poison.
   rN:        It renders you almost immune to negative energy.
   +Blink:    It lets you blink.
   rCorr:     It protects you from acid and corrosion.
   Stlth:     It makes you less stealthy.
 i - a ring of ice
   (You found it on level 10 of the Dungeon)
 w - a +6 ring of strength (right hand)
   (You found it on level 4 of the Dungeon)
 F - a ring of protection from fire
   (You found it on level 9 of the Dungeon)
 G - an amulet of guardian spirit (around neck)
   (You found it on level 4 of the Dungeon)
 N - a ring of positive energy
   (You found it on level 8 of the Dungeon)
 P - a ring of poison resistance
   (You took it off an orc on level 10 of the Dungeon)
Wands
 d - a wand of iceblast (29)
   (You found it on level 6 of the Dungeon)
 u - a wand of paralysis (7)
   (You took it off Ijyb on level 5 of the Dungeon)
 M - a wand of polymorph (6)
   (You took it off Maggie on level 8 of the Dungeon)
Scrolls
 c - 4 scrolls of fog
 j - a scroll of silence
 l - a scroll of brand weapon
 o - 2 scrolls of summoning
 q - 3 scrolls of immolation {!r}
 t - a scroll of teleportation {@r4}
 y - a scroll of revelation
 H - a scroll of fear
Potions
 f - 7 potions of curing {@q1}
 g - 3 potions of haste {@q3}
 h - 6 potions of heal wounds {@q2}
 k - 2 potions of lignification {unknown}
 n - a potion of invisibility
 r - 2 potions of berserk rage {unknown}
 E - 2 potions of enlightenment {unknown}
 I - a potion of mutation {unknown}
 L - a potion of degeneration {unknown}
Miscellaneous
 B - a piece from Xom's chessboard (15/15)
   (You found it on level 9 of the Dungeon)


   Skills:
 + Level 9.7 Fighting
 * Level 13.4 Axes
 * Level 11.5 Ranged Weapons
 - Level 2.4 Armour
 - Level 2.1 Dodging
 - Level 2.2 Stealth
 + Level 6.1 Evocations


You had 10 spell levels left.
You didn't know any spells.
Your spell library was empty.

Dungeon Overview and Level Annotations

Branches:
Dungeon (10/15) Zot: 25632  Temple (0/1) D:4            Lair (0/5) D:10
    Orc (0/2) D:10          Sewer (visited)

Altars:
Elyvilon
Fedhas
Gozag
Kikubaaqudgha
Makhleb
Nemelex Xobeh
Okawaru
Qazlal
Ru
Uskayaw
Vehumet
Xom
Zin

Shops:
D:7 :   D:9 (

Portals:
Abyss: D:4
Trove: D:10 (give +3 shadow dragon scales)

Annotations:
D:4 2 transporters, pizzagenius's ghost, novice HOMo


Innate Abilities, Weirdness & Mutations

You have a pair of horns on your head.
You reflexively headbutt those who attack you in melee.


Message History

You start resting.
You start waiting.
Done waiting.
You climb downwards.
The tengu warrior hits you with a +1 great sword!
The tengu warrior misses you.
The tengu warrior claws you but does no damage.
The tengu warrior hits you with a +1 great sword!
The tengu warrior pecks you.
The tengu warrior claws you but does no damage.
There is a stone staircase leading up, spattered with blood here.
The tengu warrior hits you with a +1 great sword!!
The tengu warrior pecks you but does no damage.
The tengu warrior claws you.
You climb upwards.
There is a stone staircase leading down, spattered with blood here.
A red film seems to cover your vision as you go berserk!
You feel yourself moving faster!
You feel mighty! The tengu warrior barely misses you.
The tengu warrior pecks you. The tengu warrior claws you.
* * * LOW HITPOINT WARNING * * *
You closely miss the tengu warrior.
The tengu warrior hits you with a +1 great sword!
* * * LOW HITPOINT WARNING * * *
The tengu warrior pecks you but does no damage.
The tengu warrior claws you.
* * * LOW HITPOINT WARNING * * *
You slice the tengu warrior!! You burn the tengu warrior!
You barely miss the tengu warrior. You headbutt the tengu warrior!
The tengu warrior hits you with a +1 great sword!!
* * * LOW MAGIC WARNING * * *
* * * LOW HITPOINT WARNING * * *
The tengu warrior pecks you but does no damage.
The tengu warrior barely misses you.
You barely miss the tengu warrior.
The tengu warrior hits you with a +1 great sword!!
* * * LOW MAGIC WARNING * * *
* * * LOW HITPOINT WARNING * * *
The tengu warrior pecks you.
* * * LOW MAGIC WARNING * * *
* * * LOW HITPOINT WARNING * * *
The tengu warrior claws you.
* * * LOW HITPOINT WARNING * * *
You closely miss the tengu warrior. The tengu warrior closely misses you.
The tengu warrior barely misses you. x2
You closely miss the tengu warrior. Your headbutt misses the tengu warrior.
You barely miss the tengu warrior.
The tengu warrior hits you with a +1 great sword!!
* * * LOW MAGIC WARNING * * *
You die...

#..# ## #..# #
########..# ##
##....##...# #.
###..........# ##.
###..####......# #..
#..### ##.....### ###
####
##..Q....###########
#...@..............##
##..†.................
#....###########.#####
##...## ### ###...##
###....## ##......#
##......##
##..####.#######
#########


You could see a tengu warrior.

Vanquished Creatures
  A hydra (D:9)
  3 two-headed ogres
  A deep elf pyromancer (D:10)
  Pikel (D:8)
  Maurice (D:8)
  Maggie (D:8)
  Psyche (D:8)
  A troll (D:10)
  A hornet (D:8)
  Grinder (D:5)
  A shadow (D:9)
  11 yaks
  A wraith (D:10)
  2 wyverns
  2 steam dragons
  Grum (D:8)
  2 water moccasins
  3 sky beasts
  3 orc warriors
  A black bear (D:4)
  An ogre (D:7)
  4 wolves (D:8)
  A centaur (D:7)
  4 lemures (D:8)
  2 phantoms
  5 kobold brigands
  A gnoll sergeant (D:6)
  2 bullfrogs
  16 wights
  4 howler monkeys
  A crimson imp (D:10)
  2 hounds (D:6)
  7 orc priests
  3 jellies
  3 gnoll boudas
  A sleepcap (D:5)
  Ijyb (D:5)
  4 iguanas
  8 orc wizards
  24 gnolls
  9 adders
  3 river rats
  A worm (D:2)
  2 dart slugs
  29 orcs
  12 ball pythons
  13 endoplasms
  5 giant cockroaches
  5 goblins
  3 hobgoblins
  7 jackals
  6 quokkas
  7 bats
  7 frilled lizards
  14 kobolds
  7 rats
263 creatures vanquished.

Vanquished Creatures (collateral kills)
  A river rat (D:3)
  A bat (D:3)
2 creatures vanquished.

Vanquished Creatures (others)
  A giant cockroach (D:3)
1 creature vanquished.

Grand Total: 266 creatures vanquished

Notes
Turn   | Place    | Note
-------+----------+-------------------------------------------
     0 | D:1      | Pooter the Minotaur Berserker began the quest for the Orb.
     0 | D:1      | Reached XP level 1. HP: 19/19 MP: 0/0
   166 | D:1      | Reached XP level 2. HP: 27/27 MP: 1/1
   209 | D:1      | Reached skill level 4 in Axes
   221 | D:1      | Reached skill level 1 in Stealth
   657 | D:1      | Reached XP level 3. HP: 33/33 MP: 2/2
   963 | D:2      | Reached ** piety under Trog
  1023 | D:2      | Reached XP level 4. HP: 40/40 MP: 3/3
  2238 | D:2      | Found an opulent altar of Gozag.
  2337 | D:3      | Reached skill level 5 in Axes
  2340 | D:3      | Identified a scroll of acquirement
  2341 | D:3      | Acquired the ring "Tyete" {+Blink rPois rN+++ rCorr Stlth-}
  2541 | D:3      | Found a glowing drain.
  2562 | D:3      | Reached skill level 1 in Ranged Weapons
  2564 | Sewer    | Entered a sewer
  2582 | Sewer    | Noticed a kobold brigand
  2603 | Sewer    | Killed a kobold brigand
  2604 | Sewer    | Reached XP level 5. HP: 44/47 MP: 4/4
  2729 | Sewer    | Reached XP level 6. HP: 43/55 MP: 5/5
  2926 | Sewer    | Reached *** piety under Trog
  2927 | Sewer    | Reached skill level 6 in Axes
  3138 | Sewer    | Reached skill level 5 in Fighting
  4114 | D:4      | Found a transporter.
  4195 | D:4      | Found a transporter.
  4204 | D:4      | Noticed a small abomination
  4391 | D:4      | Found a staircase to the Ecumenical Temple.
  4631 | D:4      | Reached skill level 1 in Evocations
  4631 | D:4      | Reached XP level 7. HP: 61/61 MP: 6/6
  4711 | D:4      | Found a one-way gate to the infinite horrors of the Abyss.
  4711 | D:4      | Noticed pizzagenius's ghost (novice HOMo)
  4713 | D:4      | Noticed a small abomination
  4716 | D:4      | Reached skill level 7 in Axes
  5112 | D:5      | Entered Level 5 of the Dungeon
  5549 | D:5      | Noticed Ijyb
  5606 | D:5      | Reached skill level 5 in Ranged Weapons
  5770 | D:5      | Reached XP level 8. HP: 70/70 MP: 7/7
  5869 | D:5      | Killed Ijyb
  5972 | D:5      | Reached skill level 8 in Axes
  6155 | D:5      | Noticed Grinder
  6158 | D:5      | Killed Grinder
  6662 | D:6      | Reached skill level 9 in Axes
  6869 | D:6      | Reached XP level 9. HP: 78/78 MP: 8/8
  7486 | D:6      | Reached **** piety under Trog
  7780 | D:7      | Reached skill level 10 in Axes
  7979 | D:7      | Noticed a two-headed ogre
  7986 | D:7      | Killed a two-headed ogre
  8525 | D:7      | Found Coisusui's Book Boutique.
  8821 | D:8      | Found a white marble altar of Elyvilon.
  8822 | D:8      | Found an iron altar of Okawaru.
  8824 | D:8      | Found a sparkling altar of Nemelex Xobeh.
  8830 | D:8      | Found a radiant altar of Vehumet.
  8831 | D:8      | Found an opulent altar of Gozag.
  8833 | D:8      | Found an ancient bone altar of Kikubaaqudgha.
  8833 | D:8      | Found a blossoming altar of Fedhas.
  8834 | D:8      | Found a hide-covered altar of Uskayaw.
  8836 | D:8      | Found a sacrificial altar of Ru.
  8842 | D:8      | Found a glowing silver altar of Zin.
  8844 | D:8      | Found a stormy altar of Qazlal.
  8851 | D:8      | Reached XP level 10. HP: 82/88 MP: 9/9
  8878 | D:8      | Reached skill level 11 in Axes
  8995 | D:8      | Noticed Pikel
  9008 | D:8      | Killed Pikel
  9053 | D:8      | Noticed Grum
  9062 | D:8      | Killed Grum
  9262 | D:8      | Noticed Maggie
  9271 | D:8      | Killed Maggie
  9332 | D:8      | Upgraded the game from 0.31-a0-229-g1fc7ce93e2 to
                  | 0.31-a0-232-gb1c03b2570
  9615 | D:8      | Reached skill level 5 in Evocations
  9807 | D:8      | Noticed Maurice
  9826 | D:8      | Killed Maurice
  9838 | D:8      | Reached skill level 12 in Axes
  9838 | D:8      | Reached skill level 10 in Ranged Weapons
  9978 | D:8      | Noticed Psyche
  9989 | D:8      | Killed Psyche
 10134 | D:9      | Acquired the +8 battleaxe "Dragonslayer" {flame, rElec
                  | Str-2 Dex+3}
 10447 | D:9      | Found Giomat's Weapon Emporium.
 10452 | D:9      | Bought a +0 arbalest for 58 gold pieces
 10493 | D:9      | Noticed a two-headed ogre
 10504 | D:9      | Killed a two-headed ogre
 10688 | D:9      | Reached XP level 11. HP: 97/97 MP: 10/10
 11200 | D:10     | Entered Level 10 of the Dungeon
 11200 | D:10     | Found a staircase to the Orcish Mines.
 11317 | D:10     | Noticed a two-headed ogre
 11325 | D:10     | Killed a two-headed ogre
 11341 | D:10     | Reached skill level 13 in Axes
 11822 | D:10     | Found a portal to a secret trove of treasure.
 11867 | D:10     | Found a staircase to the Lair.
 11890 | D:10     | Found a shimmering altar of Xom.
 11890 | D:10     | Found a burning altar of Makhleb.
 12183 | D:10     | Noticed a tengu warrior
 12183 | D:10     | Noticed a deep elf pyromancer
 12183 | D:10     | Noticed a tengu warrior
 12184 | D:10     | Noticed a deep elf pyromancer
 12187 | D:10     | Noticed a six-headed hydra
 12190 | D:10     | Killed a deep elf pyromancer
 12191 | D:10     | Found the +6 lightning scales {swift, rElec}
 12191 | D:10     | Noticed a tengu warrior
 12337 | D:9      | Killed a three-headed hydra
 12533 | D:9      | HP: 7/148 [tengu warrior/+1 great sword (4)]
 12536 | D:9      | Mangled by a tengu warrior

Illustrated notes

Levels and vault maps discovered:
D:1:      psy_arrival_fountain, layout_basic, minmay_tree_intersection,
          nicolae_houndstooth_variations
D:2:      cheibrodos_fertilizer, layout_loops_corners, basic_altar
D:3:      layout_basic, cheibrodos_sewer_entry_sluice, minmay_cupped
D:4:      layout_loops_corners, minmay_temple_entry_offerings,
          gammafunk_ghost_abyssal_escape
D:5:      layout_basic, uniq_ijyb, uniq_grinder
D:6:      layout_loops_corners
D:7:      layout_basic, serial_shops, nicolae_shop_behind_doors
D:8:      nicolae_cairo_tiling_very_big, layout_loops_cross,
          nicolae_overflow_hallway_of_the_gods, uniq_psyche, uniq_maurice,
          uniq_maggie, uniq_grum, uniq_pikel
D:9:      layout_layer_cave, serial_shops, nicolae_square_shop,
          hellmonk_bongcloud_opening
D:10:     minmay_the_grid_triangle_9x9_rhombus_thin_mashed
          [minmay_the_grid_triangle_9x9_descending_squares,
          minmay_the_grid_triangle_9x9_prize_center,
          minmay_the_grid_triangle_9x9_alien,
          minmay_the_grid_triangle_9x9_odd_lines], layout_grid_maze,
          grunt_temple_overflow_champion_of_chaos, lair_entry_dummy,
          trove_entry_hex_spiral, hangedman_decor_clover_reticule, hex_medium,
          kennysheep_generic_room_14

Skill      XL: |  1  2  3  4  5  6  7  8  9 10 11 |
---------------+----------------------------------+-----
Axes           | 4 5 6 7 9 10 12 13 | 13.4
Stealth        | 1 2 |  2.2
Fighting       | 4 5 6 7 9 |  9.7
Ranged Weapons | 1 2 4 5 7 8 10 11 | 11.5
Evocations     | 1 2 3 4 5 6 |  6.1
Armour         | |  2.4
Dodging        | |  2.1

Action                     |  1- 3 |  4- 6 |  7- 9 | 10-12 || total
---------------------------+-------+-------+-------+-------++-------
  Melee: Hand axe          |    66 |   131 |   107 |       ||   304
         Headbutt          |     8 |    16 |    34 |    24 ||    82
         Trident           |       |       |    23 |       ||    23
         War axe           |       |       |    68 |    71 ||   139
         Punch             |       |       |     3 |     1 ||     4
         Battleaxe         |       |       |       |    58 ||    58
   Fire: Sling             |     2 |   106 |    43 |       ||   151
         Orcbow            |       |       |     2 |    40 ||    42
         Arbalest          |       |       |       |    49 ||    49
  Throw: Boomerang         |       |       |     6 |       ||     6
         Dart              |       |       |     2 |       ||     2
 Invoke: Trog's Hand       |       |       |     8 |     7 ||    15
         Berserk           |       |       |    10 |     6 ||    16
  Evoke: Wand              |       |       |     9 |     1 ||    10
    Use: Scroll            |       |     6 |     4 |    12 ||    22
 Armour: Ring mail         |    19 |    56 |     3 |       ||    78
         Scale mail        |       |       |    51 |    40 ||    91
  Dodge: Dodged            |    32 |    86 |    90 |    81 ||   289

Table legend: (Time is in decaauts)
 A = Elapsed time spent in this place.
 B = Non-inter-level travel time spent in this place.
 C = Inter-level travel time spent in this place.
 D = Time resting spent in this place.
 E = Time spent auto-exploring this place.
 F = Levels seen in this place.
 G = Mean time per level.
                   A        B        C        D        E       F      G
               +--------+--------+--------+--------+--------+-----+--------+
         Total |  12820 |  12601 |    219 |   2496 |   7945 |  11 | 1165.5 |
       Dungeon |  11926 |  11707 |    219 |   2475 |   7301 |  10 | 1192.6 |
         Sewer |    894 |    894 |      0 |     21 |    644 |   1 |  894.0 |
               +--------+--------+--------+--------+--------+-----+--------+

Top non-repeatable levels by time:
     D:2: 1406 daAuts
     D:8: 1354 daAuts
     D:6: 1301 daAuts
     D:9: 1300 daAuts
     D:4: 1283 daAuts
     D:5: 1202 daAuts
    D:10: 1167 daAuts
     D:7: 1004 daAuts
     D:3: 966 daAuts
     D:1: 937 daAuts
   Sewer: 894 daAuts
